 Dungeon Crawl Stone Soup version 0.22-a0-448-g1fb7470 (webtiles) character file.

123 KristoblXynda the Slasher (level 5, -3/45 HPs)
             Began as a Naga Gladiator on June 4, 2018.
             Slain by an orc
             ... wielding a +0 hand axe
              (5 damage)
             ... on level 4 of the Dungeon.
             The game lasted 00:03:49 (2595 turns).

KristoblXynda the Slasher (Naga Gladiator)          Turns: 2595, Time: 00:03:51

Health: -3/45      AC:  4    Str: 17    XL:     5   Next: 7%
Magic:  5/5        EV: 10    Int:  8    God:
Gold:   150        SH:  0    Dex: 13    Spells: 4/4 levels left

rFire    . . .     SeeInvis +   a - +0 long sword
rCold    . . .     Gourm    .   (no shield)
rNeg     . . .     Faith    .   b - +0 leather armour
rPois    +         Spirit   .   c - +0 helmet
rElec    .         Reflect  .   (no cloak)
rCorr    .         Harm     .   (no gloves)
MR       +....                  (no barding)
Stlth    ++........             (no amulet)
HPRegen  0.15/turn              h - ring of protection from magic
MPRegen  0.09/turn              l - ring of poison resistance

@: very slow
A: large, see invisible, deformed body, poison resistance, slowness 2, slow
metabolism 1, spit poison 1, AC +1
a: Spit Poison


You were on level 4 of the Dungeon.
You were hungry.

You visited 1 branch of the dungeon, and saw 4 of its levels.

You collected 150 gold pieces.

Inventory:

Hand Weapons
 a - a +0 long sword (weapon)
Missiles
 d - 2 throwing nets (quivered)
 i - 2 javelins
Armour
 b - a +0 leather armour (worn)
 c - a +0 helmet (worn)
Jewellery
 h - a ring of protection from magic (left hand)
 l - a ring of poison resistance (right hand)
Scrolls
 g - 5 scrolls of identify {unknown}
 k - 3 scrolls of enchant weapon {unknown}
 m - 3 scrolls of immolation {unknown}
 o - a scroll of fog {unknown}
 p - a scroll of enchant armour {unknown}
Potions
 e - a potion of cancellation
 j - a potion of heal wounds
 n - 2 potions of haste {unknown}
 q - a potion of brilliance {unknown}
 r - a potion of curing {unknown}
Comestibles
 f - 8 rations


   Skills:
 - Level 2.0 Fighting
 * Level 4.4 Long Blades
 - Level 2.0 Throwing
 + Level 0.1 Armour
 - Level 3.0 Dodging
 + Level 3.0 Stealth


You had 4 spell levels left.
You didn't know any spells.
Your spell library contained the following spells:

 Spells                   Type           Power        Failure   Level  Hunger
 Spider Form              Tmut/Pois      #.........   83%         3    ####...
 Blade Hands              Tmut           #.........   100%        5    ######.
 Ice Form                 Ice/Tmut       #.......     99%         4    #####..
 Sticks to Snakes         Tmut           #.......     61%         2    ###....
 Beastly Appendage        Tmut           #.....       45%         1    ##.....


Dungeon Overview and Level Annotations

Branches:
Dungeon (4/15)             Temple (0/1) D:4

Altars:
Hepliaklqana
Makhleb


Innate Abilities, Weirdness & Mutations

You cannot wear boots.
Your serpentine skin is tough. (AC +1)
You have supernaturally acute eyesight. (SInv)
Armour fits poorly on your strangely shaped body.
Your system is resistant to poisons. (rPois)
You cover ground very slowly.
You have a slow metabolism.
You can spit poison.


Message History

The ogre looks more healthy.
The orc hits you.
The ogre struggles against the net.
The orc closely misses you.
You catch the helpless ogre completely off-guard!
You hit the ogre but do no damage.
The ogre is moderately wounded.
The orc hits you.
The ogre struggles against the net.
The net rips apart, and the ogre comes free!
The orc hits you with a hand axe.
* * * LOW HITPOINT WARNING * * *
The orc closely misses you.
You feel much better.
The ogre hits you with a giant spiked club.
The orc hits you with a hand axe. The orc hits you but does no damage.
You hit the ogre.
The ogre is moderately wounded.
The ogre hits you with a giant spiked club!!
Ouch! That really hurt!
* * * LOW HITPOINT WARNING * * *
The orc hits you with a hand axe.
You die...

#........#
.........# . .
#.......+ .#
..###.......###.#.
..................
.......#.#......
#.##.#..#o#.#.....
.......#o#O#.#....
.##.#..#o@.#.....
.......#.#o#.#..##
#.##.#..#.#.#..##
#.....#.#...#
...............
...####..##..###
##. .... ..# #.
#..##..#


You could see an ogre and 4 orcs.

Vanquished Creatures
  5 adders (D:2)
  2 oozes
  A worm (D:2)
  2 dart slugs
  4 leopard geckos
  An orc (D:4)
  5 giant cockroaches
  4 goblins
  7 hobgoblins
  2 jackals (D:2)
  5 kobolds
  A quokka (D:3)
  12 bats
  4 frilled lizards
  5 rats
60 creatures vanquished.

Notes
Turn   | Place    | Note
-------+----------+-------------------------------------------
     0 | D:1      | KristoblXynda the Naga Gladiator began the quest for the Orb.
     0 | D:1      | Reached XP level 1. HP: 19/19 MP: 1/1
    14 | D:1      | Reached XP level 2. HP: 11/26 MP: 2/2
   709 | D:1      | Reached skill level 1 in Stealth
   714 | D:1      | Reached XP level 3. HP: 23/32 MP: 3/3
  1041 | D:2      | Reached skill level 4 in Long Blades
  1041 | D:2      | Reached XP level 4. HP: 37/39 MP: 4/4
  1966 | D:2      | Found a faded altar of an unknown god.
  2090 | D:3      | Found a burning altar of Makhleb.
  2238 | D:3      | Found a hazy altar of Hepliaklqana.
  2244 | D:3      | Reached XP level 5. HP: 45/45 MP: 5/5
  2577 | D:4      | Found a staircase to the Ecumenical Temple.
  2580 | D:4      | Noticed an ogre
  2595 | D:4      | HP: 2/45 [ogre/giant spiked club (23)]
  2595 | D:4      | Slain by an orc

Vault maps used:
D:1:      minmay_arrival_shoal_huts
D:2:      chequers_ecumenical_altar_simple, first_ration
D:3:      old_standard_altar, nicolae_overflow_crystal_walls,
          lemuel_flame_loot_1
D:4:      minmay_temple_entry_grid, nemelex_xobeh_ov_fountains_minmay

Skill      XL: |  1  2  3  4  5 |
---------------+----------------+-----
Throwing       | 2 |  2.0
Stealth        | 1 2 3 |  3.0
Long Blades    | 4 |  4.4
Dodging        | 3 |  3.0
Fighting       | |  2.0
Armour         | |  0.1

Action                   |  1- 3 |  4- 6 || total
-------------------------+-------+-------++-------
Melee: Long sword        |    76 |    68 ||   144
Throw: Throwing net      |       |     1 ||     1
 Abil: Spit Poison       |     5 |     4 ||     9
  Use: Potion            |     2 |     2 ||     4
 Stab: Sleeping          |     1 |     4 ||     5
       Held in net/web   |       |     1 ||     1
  Eat: Chunk             |       |     4 ||     4
Armor: Leather armour    |    28 |    32 ||    60
Dodge: Dodged            |    61 |    56 ||   117
       Rpst.: Long sword |    23 |    20 ||    43

Table legend:
 A = Spawn XP
 B = Non-spawn XP
 C = Spawn XP percentage of total XP
 D = Spawn monster count
 E = Non-spawn monster count
 F = Spawn count percentage of total count
 G = Total turns spent on level
                    A         B        C        D         E        F      G
               +---------+---------+-------+---------+---------+-------+---------
         Total |       0 |     176 |   0.0 |       0 |      60 |   0.0 |  2595
               +---------+---------+-------+---------+---------+-------+---------
           D:1 |       0 |      39 |   0.0 |       0 |      18 |   0.0 |   837
           D:2 |       0 |     117 |   0.0 |       0 |      33 |   0.0 |  1239
           D:3 |       0 |      15 |   0.0 |       0 |       7 |   0.0 |   501
           D:4 |       0 |       5 |   0.0 |       0 |       2 |   0.0 |    18
               +---------+---------+-------+---------+---------+-------+---------
